 Dungeon Crawl Stone Soup version 0.27.1-34-g3ba077fa99 (webtiles) character file.

Game seed: 825462413564623790

1803 shadowrider38 the Skirmisher (level 8, -1/84 HPs)
             Began as a Troll Hunter on Jan 6, 2022.
             Slain by a killer bee (4 damage)
             ... on level 6 of the Dungeon.
             The game lasted 00:15:22 (6527 turns).

shadowrider38 the Skirmisher (Troll Hunter)         Turns: 6527, Time: 00:15:23

Health: -1/84      AC:  7    Str: 29    XL:     8   Next: 83%
Magic:  16/16      EV:  9    Int:  7    God:
Gold:   573        SH:  0    Dex: 10    Spells: 7/7 levels left

rFire    . . .     SeeInvis .   a - +0 giant spiked club
rCold    . . .     Faith    .   (shield currently unavailable)
rNeg     + . .     Spirit   .   C - +2 robe {rN+}
rPois    .         Reflect  .   (helmet restricted)
rElec    .         Harm     .   r - +0 cloak
rCorr    .         Rampage  .   (gloves unavailable)
Will     .....                  (boots unavailable)
Stlth    +.........             (no amulet)
HPRegen  1.24/turn              m - +6 ring of strength
MPRegen  0.15/turn              k - ring of magical power

@: mighty, lethally poisoned (-1 -> -1), hasted, invisible, very quick
A: large, unfitting armour, claws 3, regeneration 1, shaggy fur 1, tough skin 1
a: no special abilities


You were on level 6 of the Dungeon.
You visited 1 branch of the dungeon, and saw 7 of its levels.
You also visited: Ossuary.

You collected 573 gold pieces.

Inventory:

Hand Weapons
 a - a +0 giant spiked club (weapon)
 j - a +2 war axe of flaming
 u - a +2 short sword of speed
Missiles
 c - 4 large rocks (quivered)
 d - 2 throwing nets
 f - 177 stones
 g - 13 boomerangs
 s - 13 curare-tipped darts
 x - 6 javelins
Armour
 r - a +0 cloak (worn)
 C - a +2 robe of positive energy (worn)
Jewellery
 k - a ring of magical power (right claw)
 m - a +6 ring of strength (left claw)
Wands
 e - a wand of flame (11)
Scrolls
 b - a scroll of fear {unknown}
 h - a scroll of vulnerability {unknown}
 i - a scroll of teleportation {unknown}
 l - a scroll of summoning {unknown}
 o - a scroll of silence {unknown}
 q - a scroll of amnesia
 v - a scroll of enchant armour {unknown}
 z - a scroll of holy word {unknown}
 D - a scroll of acquirement {unknown}
Potions
 n - 5 potions of curing
 p - a potion of flight
 y - a potion of brilliance
 B - a potion of ambrosia {unknown}
 E - a potion of invisibility


   Skills:
 + Level 6.9 Fighting
 + Level 5.7 Maces & Flails
 - Level 5.8 Throwing
 - Level 1.5 Dodging
 - Level 0.3 Stealth


You had 7 spell levels left.
You didn't know any spells.
Your spell library contained the following spells:

 Spells                   Type           Power      Damage    Failure   Level
 Beastly Appendage        Tmut           0%         N/A       43%         1
 Shock                    Conj/Air       0%         1d3       43%         1
 Wereblood                Tmut           0%         N/A       56%         2
 Spider Form              Tmut/Pois      0%         N/A       80%         3
 Swiftness                Air            0%         N/A       80%         3
 Airstrike                Air            0%         N/A       99%         4
 Animate Dead             Necr           0%         N/A       99%         4
 Haunt                    Necr/Summ      0%         N/A       100%        7
 Infestation              Necr           0%         N/A       100%        8


Dungeon Overview and Level Annotations

Branches:
Dungeon (7/15)             Temple (0/1) D:7         Ossuary (visited)

Altars:
Ashenzari
Hepliaklqana
Qazlal
Ru
Wu Jian

Shops:
D:5 :


Innate Abilities, Weirdness & Mutations

You are too large for most types of armour.
You have claws for hands.
Your natural rate of healing is unusually fast.
You are covered in fur. (AC +1)
You have tough skin. (AC +1)


Message History

* * * LOW HITPOINT WARNING * * *
The killer bee stings you but does no damage.
The killer bee barely misses you. x2
You closely miss the killer bee.
You feel very sick.
The killer bee stings you but does no damage.
The killer bee barely misses you.
The killer bee stings you but does no damage.
The killer bee stings you.
* * * LOW HITPOINT WARNING * * *
The killer bee barely misses you.
The killer bee stings you but does no damage. x3
As you read the scroll labelled URIDOE TIGG, it crumbles to dust.
It is a scroll of amnesia.
You feel forgetful for a moment.
* * * LOW HITPOINT WARNING * * *
You feel sick.
The killer bee stings you but does no damage.
The killer bee stings you.
* * * LOW HITPOINT WARNING * * *
The killer bee stings you but does no damage. x2
The killer bee barely misses you.
Okay, then.
You feel better.
The killer bee stings you but does no damage.
The killer bee stings you.
* * * LOW HITPOINT WARNING * * *
The killer bee stings you.
* * * LOW HITPOINT WARNING * * *
You are poisoned.
The killer bee poisons you! The killer bee barely misses you.
The killer bee stings you but does no damage.
Okay, then.
Okay, then.
Okay, then.
Okay, then.
You fade into invisibility!
You feel sick. The killer bee closely misses you.
The killer bee completely misses you. The killer bee stings you.
You die...

##......# ##....####
##....####........###
###.####..........(#
# ### #............#
## ##............###.
##.............##..
##.............)#..#
#.yy...............#
#..@..<...........##
#.yy.............###
#.......<.......## #
#................###
#..................#
#.............####..
###########..## #...
##..## #... ##.###
#..#


You could see 4 killer bees.

Vanquished Creatures
  Duvessa (D:6)
  2 water moccasins (D:5)
  A sky beast (D:5)
  A black bear (D:7)
  A necrophage (D:4)
  2 ogres
  Blork the orc (D:4)
  2 scorpions
  Dowan (D:6)
  A centaur zombie (Ossuary)
  3 hounds
  A human zombie (Ossuary)
  A bullfrog skeleton (D:4)
  3 jellies
  3 centaur skeletons
  An orc priest (D:5)
  Jessica (D:3)
  4 iguanas
  2 orc wizards (D:4)
  2 mummies (Ossuary)
  A howler monkey zombie (D:5)
  10 gnolls
  2 adders
  An ufetubus (D:5)
  An adder zombie (D:5)
  A worm (D:4)
  3 dart slugs
  10 orcs
  8 endoplasms
  3 giant cockroaches
  5 goblins
  7 hobgoblins
  7 jackals
  3 quokkas
  7 ball pythons
  A bat (D:2)
  2 frilled lizards
  3 gnoll zombies (Ossuary)
  2 goblin zombies (Ossuary)
  4 hobgoblin zombies (Ossuary)
  10 kobolds
  3 orc zombies (Ossuary)
  A quokka zombie (D:5)
  9 rats
  A rat zombie (D:5)
139 creatures vanquished.

Notes
Turn   | Place    | Note
-------+----------+-------------------------------------------
     0 | D:1      | shadowrider38 the Troll Hunter began the quest for the Orb.
     0 | D:1      | Reached XP level 1. HP: 19/19 MP: 0/0
   356 | D:1      | Reached skill level 2 in Fighting
   356 | D:1      | Reached XP level 2. HP: 20/28 MP: 1/1
   893 | D:1      | Reached XP level 3. HP: 33/35 MP: 2/2
  1362 | D:2      | Found a faded altar of an unknown god.
  2162 | D:2      | Reached XP level 4. HP: 33/44 MP: 3/3
  2421 | D:3      | Reached skill level 3 in Fighting
  2556 | D:3      | Noticed Jessica
  2561 | D:3      | Killed Jessica
  2946 | D:4      | Found a hazy altar of Hepliaklqana.
  2946 | D:4      | Found an ornate altar of the Wu Jian Council.
  2950 | D:4      | Found a sacrificial altar of Ru.
  2960 | D:4      | Found a stormy altar of Qazlal.
  3074 | D:4      | Reached XP level 5. HP: 53/53 MP: 4/4
  3162 | D:4      | Reached skill level 5 in Throwing
  3214 | D:4      | Noticed a necrophage
  3227 | D:4      | Killed a necrophage
  3368 | D:4      | Noticed Blork the orc
  3377 | D:4      | Killed Blork the orc
  3378 | D:4      | Reached skill level 4 in Fighting
  3378 | D:4      | Reached XP level 6. HP: 53/62 MP: 5/5
  3888 | D:5      | Entered Level 5 of the Dungeon
  3905 | D:5      | Reached skill level 1 in Maces & Flails
  3986 | D:5      | Found Zeppuu's Book Shop.
  4053 | D:5      | Noticed a water moccasin
  4127 | D:5      | Killed a water moccasin
  4128 | D:5      | Reached XP level 7. HP: 6/71 MP: 6/6
  4130 | D:5      | HP: 3/71 [poisoned by a water moccasin]
  4285 | D:5      | Reached skill level 5 in Fighting
  4351 | D:5      | Found a sand-covered staircase.
  4405 | Ossuary  | Entered an ossuary
  4803 | D:5      | Reached XP level 8. HP: 66/83 MP: 7/7
  5133 | D:6      | Reached skill level 6 in Fighting
  5622 | D:6      | Reached skill level 5 in Maces & Flails
  5725 | D:6      | Noticed Duvessa
  5740 | D:6      | Killed Duvessa
  5757 | D:6      | Noticed Dowan
  5768 | D:6      | Killed Dowan
  5881 | D:6      | Found a broken altar of Ashenzari.
  6397 | D:7      | Found a staircase to the Ecumenical Temple.
  6525 | D:6      | HP: 4/84 [killer bee (2)]
  6527 | D:6      | Slain by a killer bee

Illustrated notes

Levels and vault maps discovered:
D:1:      evilmike_arrival_crescent, layout_basic
D:2:      layout_basic, shapermc_ecumenical_altar_mp_highgroup
D:3:      layout_loops_ring, kennysheep_nub, uniq_jessica
D:4:      layout_cave_pods, minitemple, grunt_ministairs_7,
          minmay_close_crescents, uniq_blork_the_orc
D:5:      layout_basic, serial_shops, shop, enter_ossuary_4
D:6:      layout_cave_pods, ashenzari_conservatory_becter, hex_large,
          chequers_serial_rivers_micro_e, uniq_duvessa
D:7:      layout_cave_pools, mainiacjoe_overflow_cross_hatched,
          mainiacjoe_overflow_concentric_impassable,
          minmay_temple_entry_poolview, guppyfry_early_elven_hall

Skill      XL: |  1  2  3  4  5  6  7  8 |
---------------+-------------------------+-----
Fighting       | 2 3 4 5 6 |  6.9
Throwing       | 4 5 |  5.8
Maces & Flails | 1 3 5 |  5.7
Dodging        | |  1.5
Stealth        | |  0.3

Action                   |  1- 3 |  4- 6 |  7- 9 || total
-------------------------+-------+-------+-------++-------
Melee: Unarmed           |   100 |   147 |     2 ||   249
       Flail             |       |    53 |   130 ||   183
       Giant spiked club |       |       |    85 ||    85
Throw: Large rock        |       |     4 |     5 ||     9
       Dart              |       |     7 |     2 ||     9
       Stone             |       |       |     1 ||     1
  Use: Potion            |       |       |     6 ||     6
       Scroll            |       |       |     8 ||     8
 Stab: Sleeping          |     1 |       |       ||     1
Armor: Robe              |    36 |    81 |   163 ||   280
Dodge: Dodged            |    50 |    93 |   191 ||   334
